 Dungeon Crawl Stone Soup version 0.25-a0-1078-gea6e5d949a (webtiles) character file.

Game seed: 1484775865946941318, levelgen mode: deterministic

140 Morbidden the Skirmisher (level 5, -5/47 HPs)
             Began as a Minotaur Fighter on May 15, 2020.
             Slain by Pikel
             ... wielding a +1 whip of electrocution
              (14 damage)
             ... on level 4 of the Dungeon.
             The game lasted 00:02:23 (2213 turns).

Morbidden the Skirmisher (Minotaur Fighter)         Turns: 2213, Time: 00:02:23

Health: -5/47      AC: 10    Str: 22    XL:     5   Next: 2%
Magic:  13/13      EV:  6    Int:  5    God:
Gold:   211        SH:  9    Dex:  9    Spells: 4/4 levels left

rFire    . . .     SeeInvis .   a - +0 war axe
rCold    . . .     Gourm    .   c - +0 kite shield
rNeg     . . .     Faith    .   u - +0 chain mail
rPois    .         Spirit   .   (helmet restricted)
rElec    .         Reflect  .   (no cloak)
rCorr    .         Harm     .   j - +0 pair of gloves
MR       .....                  (no boots)
Stlth    ..........             (no amulet)
HPRegen  0.15/turn              s - ring of magical power
MPRegen  0.13/turn              (no ring)

@: no status effects
A: retaliatory headbutt, horns 2
a: no special abilities


You were on level 4 of the Dungeon.
You were not hungry.

You visited 1 branch of the dungeon, and saw 3 of its levels.

You collected 211 gold pieces.

Inventory:

Hand Weapons
 a - a +0 war axe (weapon)
 g - a +4 dagger of flaming
Armour
 c - a +0 kite shield (worn)
 j - a +0 pair of gloves (worn)
 u - a +0 chain mail (worn)
Jewellery
 s - a ring of magical power (left hand)
Scrolls
 e - 4 scrolls of identify {unknown}
 h - a scroll of immolation {unknown}
 k - 2 scrolls of remove curse {unknown}
 l - 2 scrolls of noise {unknown}
 m - a scroll of magic mapping {unknown}
 p - a scroll of teleportation {unknown}
 q - a scroll of enchant armour {unknown}
 t - 3 scrolls of fog {unknown}
Potions
 d - 3 potions of might
 i - a potion of heal wounds {unknown}
 n - 2 potions of curing {unknown}
 r - a potion of haste {unknown}
Comestibles
 b - 3 chunks of flesh
 f - 4 rations


   Skills:
 * Level 4.6 Fighting
 * Level 4.2 Axes
 + Level 4.2 Armour
 + Level 0.4 Dodging
 + Level 4.6 Shields


You had 4 spell levels left.
You didn't know any spells.
Your spell library was empty.

Dungeon Overview and Level Annotations

Branches:
Dungeon (2/15)

Altars:

Annotations:
D:4 Pikel


Innate Abilities, Weirdness & Mutations

You reflexively headbutt those who attack you in melee.
You have a pair of horns on your head.


Message History

You block Pikel's attack. Pikel barely misses you. You furiously retaliate!
You headbutt Pikel. You hit Pikel but do no damage.
Pikel is severely wounded.
You block Pikel's attack.
You hit Pikel.
Pikel is almost dead.
Pikel hits you but does no damage.
Pikel hits you with a +1 whip of electrocution.
You are electrocuted!!
* * * LOW HITPOINT WARNING * * *
You are too injured to fight recklessly!
You are too injured to fight recklessly!
You are too injured to fight recklessly!
You closely miss Pikel.
Pikel is almost dead.
Pikel hits you with a +1 whip of electrocution.
* * * LOW HITPOINT WARNING * * *
You are electrocuted!
You die...

#...........##.
#..###.#.......
#. #.#....... #
#.#....... #
#......... #.
#.........
#p###
#.........
#pK.#
#......... #@#
#..###.## #.#
#..###.### #.#
#.###.........
####.#
#..........###
.#....#
######.##### #
.#.#### #.#
##.#.# #.#
#..#.# #.#
#.##.# #.#


You could see Pikel and 2 slaves.

Vanquished Creatures
  2 worker ants (D:4)
  An adder (D:2)
  A gnoll (D:2)
  An ooze (D:1)
  A worm (D:2)
  A dart slug (D:1)
  A leopard gecko (D:2)
  4 orcs
  2 giant cockroaches
  6 hobgoblins
  10 jackals
  6 kobolds
  A ball python (D:2)
  6 bats
  5 frilled lizards
  6 goblins
  8 rats
62 creatures vanquished.

Notes
Turn   | Place    | Note
-------+----------+-------------------------------------------
     0 | D:1      | Morbidden the Minotaur Fighter began the quest for the Orb.
     0 | D:1      | Reached XP level 1. HP: 19/19 MP: 0/0
   184 | D:1      | Reached XP level 2. HP: 27/27 MP: 1/1
   593 | D:1      | Reached XP level 3. HP: 31/33 MP: 2/2
  1797 | D:2      | Reached XP level 4. HP: 41/41 MP: 3/3
  1866 | D:2      | You fall into a shaft and drop 2 floors!
  2140 | D:4      | Reached XP level 5. HP: 47/47 MP: 4/4
  2202 | D:4      | Noticed Pikel
  2202 | D:4      | Noticed a slave
  2208 | D:4      | Noticed a slave
  2213 | D:4      | Slain by Pikel

Illustrated notes

Levels and vault maps discovered:
D:1:      roderic_crop_circles_arrival_small, layout_loops_ring
D:2:      layout_basic, mrwooster_statue_mirror
D:4:      layout_loops_ring, ebering_ghost_sewer_d, uniq_pikel

Skill      XL: |  1  2  3  4 |
---------------+-------------+-----
Fighting       | 4 |  4.6
Shields        | 4 |  4.6
Axes           | 3 4 |  4.2
Armour         | 4 |  4.2
Dodging        | |  0.4

Action                   |  1- 3 |  4- 6 || total
-------------------------+-------+-------++-------
Melee: War axe           |   109 |    36 ||   145
       Headbutt          |    14 |    10 ||    24
  Eat: Chunk             |     2 |     2 ||     4
Armor: Scale mail        |    50 |     5 ||    55
       Chain mail        |       |    12 ||    12
Dodge: Dodged            |    35 |     7 ||    42
Block: Kite shield       |    69 |    23 ||    92

Table legend:
 A = Non-vault XP
 B = Vault XP
 C = Vault XP percentage of total XP
 D = Non-vault monster count
 E = Vault monster count
 F = Vault count percentage of total count
                 A         B        C        D         E       F
            +---------+---------+-------+---------+---------+-------
      Total |     200 |       0 |   0.0 |      62 |       0 |   0.0
            +---------+---------+-------+---------+---------+-------
        D:1 |      45 |       0 |   0.0 |      26 |       0 |   0.0
        D:2 |      79 |       0 |   0.0 |      29 |       0 |   0.0
        D:4 |      76 |       0 |   0.0 |       7 |       0 |   0.0
            +---------+---------+-------+---------+---------+-------
